 Dungeon Crawl Stone Soup version 0.30.1-11-g7821555f0a (webtiles) character file.

Game seed: 3969344217951325933

758730 barcode the Sorcerer (level 27, -5/200 HPs)
             Began as a Spriggan Conjurer on Nov 24, 2023.
             Was the Champion of Ashenzari.
             Slain by a nargun (16 damage)
             ... on level 7 of Cocytus on Dec 15, 2023.
             The game lasted 07:38:22 (76986 turns).

barcode the Sorcerer (Spriggan Conjurer)           Turns: 76986, Time: 07:38:22

Health: -5/200     AC: 39    Str:  5    XL:     27
Magic:  10/54      EV: 30    Int: 34    God:    Ashenzari [******]
Gold:   6660       SH: 10    Dex: 23    Spells: 8/79 levels left

rFire   + . .        H - +9 rapier "Profound Portent" {speed, rPois rC+ rN++ Dex-2, Elem, Melee} (curse)
rCold   + . .        B - +3 buckler of Ouranomancy {Regen+ Dex+3, Range, Elem} (curse)
rNeg    + + +        e - melded +4 skin of Zhor {*Englaciate rC+++ SInv, Comp, Elem} (curse)
rPois   ∞            d - +2 hat "Cursed Negation" {Elem, Evo} (curse)
rElec   +            g - scarf of Ashenzari's Loss {shadows, Self, Alch} (curse)
rCorr   .            (gloves unavailable)
SInv    +            (boots unavailable)
Will    ++++.        z - amulet "Heresy of Ashenzari" {RegenMP rF+, Melee, Elem} (curse)
Stlth   ++++++       N - ring of the Mage {Wiz Archmagi, Bglg, Elem} (curse)
HPRegen 1.33/turn    A - ring "Lashed With Me" {rElec Int+6 Dex+5, Elem, Self} (curse)
MPRegen 0.74/turn

%: clarity, wizardry (x1), archmagi
@: statue-form, studying 2 skills, unable to drink, very slow
A: slow and powerful, torment resistance 1, boosted hp, very small, no large
weapons, unfitting armour, see invisible, (speed 3), mutation resistance 1
}: 5/15 runes: decaying, serpentine, slimy, silver, golden
a: End Transformation, Renounce Religion, Shatter the Chains


You were on level 7 of Cocytus.
You worshipped Ashenzari.
Ashenzari was exalted by your worship.
You were a living statue of rough stone.
You visited 13 branches of the dungeon, and saw 61 of its levels.
You visited 2 bazaars.
You also visited: Sewer, Gauntlet, Ice Cave, Wizlab and Desolation.

You collected 10272 gold pieces.
You spent 3612 gold pieces at shops.

Inventory:

Hand Weapons
 t - the +8 sling "Miraw Mog" {drain, rElec MP+9 Int+3 Dex-2}
   (You found it in the Desolation of Salt)

   Int:       It affects your intelligence (+3).
   Dex:       It affects your dexterity (-2).
   rElec:     It insulates you from electricity.
   MP:        It affects your magic capacity (+9).
 H - the cursed +9 rapier "Profound Portent" (weapon) {speed, rPois rC+ rN++ Dex-2, Elem, Melee}
   (You found it in the Desolation of Salt)

   Dex:       It affects your dexterity (-2).
   rC:        It protects you from cold.
   rPois:     It protects you from poison.
   rN:        It greatly protects you from negative energy.
   It has a curse which improves the following skills: Elements: Fire Magic, Ice
   Magic, Air Magic and Earth Magic.
   Melee Combat: Short Blades, Long Blades, Axes, Maces & Flails, Polearms,
   Staves and Unarmed Combat.
Missiles
 r - 16 boomerangs (quivered)
 F - 3 throwing nets
 I - 11 curare-tipped darts
Armour
 d - the cursed +2 hat "Cursed Negation" (worn) {Elem, Evo}
   (You found it on level 11 of the Dungeon)

   It has a curse which improves the following skills: Elements: Fire Magic, Ice
   Magic, Air Magic and Earth Magic.
   Evocations: Evocations.
 e - the cursed +4 skin of Zhor (melded) {*Englaciate rC+++ SInv, Comp, Elem}
   (You found it in an ice cave)

   *Englaciate: It radiates cold, occasionally slowing all nearby creatures who
   are not resistant to cold.
   rC:        It renders you almost immune to cold.
   SInv:      It lets you see invisible.
   It has a curse which improves the following skills: Companions: Summonings
   and Necromancy.
   Elements:  Fire Magic, Ice Magic, Air Magic and Earth Magic.
 g - the cursed scarf of Ashenzari's Loss (worn) {shadows, Self, Alch}
   (You found it on level 3 of the Dungeon)

   It has a curse which improves the following skills: Introspection: Fighting
   and Spellcasting.
   Alchemy:   Poison Magic and Transmutations.
 B - the cursed +3 buckler of Ouranomancy (worn) {Regen+ Dex+3, Range, Elem}
   (You took it off a deep elf knight on level 3 of the Elven Halls)

   Dex:       It affects your dexterity (+3).
   Regen:     It increases your rate of health regeneration.
   It has a curse which improves the following skills: Ranged Combat: Ranged
   Weapons and Throwing.
   Elements:  Fire Magic, Ice Magic, Air Magic and Earth Magic.
 S - the +4 faerie dragon scales {rCorr Int+4 SInv}
   (You took it off the Enchantress on level 2 of the Depths)

   Int:       It affects your intelligence (+4).
   SInv:      It lets you see invisible.
   rCorr:     It protects you from acid and corrosion.
Jewellery
 i - the ring of Tisaexedgh {rN+ Will- EV+5 Int+2}
   (You found it in a Gauntlet)

   [ring of evasion]

   EV:        It affects your evasion (+5).
   Int:       It affects your intelligence (+2).
   rN:        It protects you from negative energy.
   Will:      It decreases your willpower.
 n - the ring "Meiryoso" {rC+ rN+ Will++ Str+2 Dex-3}
   (You found it in the Desolation of Salt)

   [ring of positive energy]

   Str:       It affects your strength (+2).
   Dex:       It affects your dexterity (-3).
   rC:        It protects you from cold.
   rN:        It protects you from negative energy.
   Will:      It greatly increases your willpower.
 p - the ring of the Invisible Hand {rElec rC+ rCorr Int-2 Dex+6 SInv}
   (You found it in the Desolation of Salt)

   [ring of resist corrosion]

   Int:       It affects your intelligence (-2).
   Dex:       It affects your dexterity (+6).
   rC:        It protects you from cold.
   rElec:     It insulates you from electricity.
   SInv:      It lets you see invisible.
   rCorr:     It protects you from acid and corrosion.
 z - the cursed amulet "Heresy of Ashenzari" (around neck) {RegenMP rF+, Melee, Elem}
   (You found it on level 3 of the Lair of Beasts)

   [amulet of magic regeneration]

   It increases your rate of magic regeneration.
   rF:        It protects you from fire.
   It has a curse which improves the following skills: Melee Combat: Short
   Blades, Long Blades, Axes, Maces & Flails, Polearms, Staves and Unarmed
   Combat.
   Elements:  Fire Magic, Ice Magic, Air Magic and Earth Magic.
 A - the cursed ring "Lashed With Me" (right fist) {rElec Int+6 Dex+5, Elem, Self}
   (You found it in a Gauntlet)

   [ring of intelligence]

   Int:       It affects your intelligence (+6).
   Dex:       It affects your dexterity (+5).
   rElec:     It insulates you from electricity.
   It has a curse which improves the following skills: Elements: Fire Magic, Ice
   Magic, Air Magic and Earth Magic.
   Introspection: Fighting and Spellcasting.
 N - the cursed ring of the Mage (left fist) {Wiz Archmagi, Bglg, Elem}
   (You bought it in a shop on level 2 of the Orcish Mines)

   [ring of wizardry]

   It improves your spell success rate.
   Archmagi:  It increases the power of your magical spells.
   It has a curse which improves the following skills: Beguiling: Conjurations,
   Hexes and Translocations.
   Elements:  Fire Magic, Ice Magic, Air Magic and Earth Magic.
 T - the ring "Gaamaar" {Wiz rPois Str+2 Int+3}
   (You found it on level 5 of the Pits of Slime)

   [ring of wizardry]

   It improves your spell success rate.
   Str:       It affects your strength (+2).
   Int:       It affects your intelligence (+3).
   rPois:     It protects you from poison.
Wands
 C - a wand of charming (115)
 J - a wand of iceblast (64)
 M - a wand of mindburst (50)
 O - a wand of quicksilver (61)
 R - a wand of flame (108)
 U - a wand of digging (14)
Scrolls
 a - 4 scrolls of amnesia
 c - a scroll of acquirement
 f - 21 scrolls of immolation
 h - 33 scrolls of teleportation
 k - 10 scrolls of poison
 l - 12 scrolls of blinking
 o - 3 scrolls of torment
 q - 4 scrolls of enchant weapon
 u - 8 scrolls of fear
 w - 9 scrolls of fog
 y - 6 scrolls of silence
 E - 7 scrolls of summoning
 Q - 14 scrolls of vulnerability
 Z - 17 scrolls of magic mapping
Potions
 b - 9 potions of magic
 m - 8 potions of brilliance
 s - 29 potions of curing
 v - 3 potions of ambrosia
 x - 12 potions of lignification
 D - 11 potions of heal wounds
 G - 6 potions of cancellation
 K - 8 potions of haste
 L - 5 potions of mutation
 P - 4 potions of flight
 W - 6 potions of resistance
 X - 11 potions of might
 Y - 6 potions of invisibility
Miscellaneous
 j - a box of beasts
 V - a phantom mirror


   Skills:
 - Level 15.3(18.8) Fighting
 - Level 9.7(13.3) Short Blades
 - Level 13.3 Dodging
 - Level 13.2 Stealth
 - Level 7.1 Shields
 + Level 23.3(26.5) Spellcasting
 - Level 18.9(21.1) Conjurations
 - Level 16.7 Necromancy
 - Level 20.3(22.4) Transmutations
 - Level 18.9(26.2) Fire Magic
 - Level 4.2(10.7) Ice Magic
 - Level 9.0(16.4) Air Magic
 - Level 18.9(26.2) Earth Magic
 - Level 7.5(10.1) Poison Magic
 - Level 6.2(8.7) Evocations


You had 8 spell levels left.
You knew the following spells:

 Your Spells              Type           Power      Damage    Failure   Level
a - Fire Storm            Conj/Fire      71%        8d18      1%          9
b - Lehudib's Crystal Sp  Conj/Erth      71%        10d16     1%          8
c - Sublimation of Blood  Necr           100%       N/A       0%          2
d - Poisonous Vapours     Pois/Air       100%       N/A       0%          2
e - Ignite Poison         Fire/Tmut/Pois 100%       N/A       0%          3
g - Ignition              Fire           73%        3d19      1%          8
h - Shatter               Erth           73%        3d54*     1%          9
i - Borgnjor's Vile Clut  Necr/Erth      68%        N/A       0%          5
j - Necromutation         Tmut/Necr      66%        N/A       1%          8
k - Lee's Rapid Deconstr  Erth           73%        3d33*     0%          5
l - Statue Form           Tmut/Erth      95%        N/A       0%          6
m - Death Channel         Necr           63%        N/A       1%          6

Your spell library contained the following spells:

 Spells                   Type           Power      Damage    Failure   Level
 Beastly Appendage        Tmut           100%       N/A       0%          1
 Freeze                   Ice            100%       1d10      0%          1
 Kiss of Death            Conj/Necr      100%       2d13      0%          1
 Magic Dart               Conj           100%       1d8       0%          1
 Necrotise                Necr           100%       1d9       0%          1
 Sandblast                Erth           100%       2d20      0%          1
 Shock                    Conj/Air       100%       1d9       0%          1
 Sting                    Tmut/Pois      100%       1d8       0%          1
 Cigotuvi's Dreadful Rot  Necr/Pois/Air  100%       N/A       0%          2
 Passwall                 Tmut/Erth      100%       N/A       0%          2
 Scorch                   Fire           100%       2d9       0%          2
 Searing Ray              Conj           100%       2d8       0%          2
 Static Discharge         Conj/Air       100%       2-7/arc   0%          2
 Wereblood                Tmut           100%       N/A       0%          2
 Hailstorm                Conj/Ice       100%       3d20      0%          3
 Inner Flame              Hex/Fire       100%       N/A       0%          3
 Mephitic Cloud           Conj/Pois/Air  100%       N/A       0%          3
 Spider Form              Tmut/Pois      100%       N/A       0%          3
 Stone Arrow              Conj/Erth      100%       3d13      0%          3
 Swiftness                Air            100%       N/A       0%          3
 Vampiric Draining        Necr           100%       2d13      0%          3
 Volatile Blastmotes      Fire/Tloc      100%       2d18      0%          3
 Airstrike                Air            62%        2d(9-25)  0%          4
 Animate Dead             Necr           100%       N/A       0%          4
 Dispel Undead            Necr           100%       3d31      0%          4
 Flame Wave               Conj/Fire      100%       2d21      0%          4
 Ice Form                 Ice/Tmut       100%       N/A       0%          4
 Petrify                  Tmut/Erth      100%       N/A       0%          4
 Sticky Flame             Conj/Fire      100%       2d11      0%          4
 Agony                    Necr           100%       N/A       0%          5
 Arcjolt                  Conj/Air       65%        1d75      0%          5
 Blade Hands              Tmut           69%        N/A       0%          5
 Fireball                 Conj/Fire      71%        3d27      0%          5
 Irradiate                Conj/Tmut      69%        3d34      0%          5
 Iskenderun's Battlesphe  Conj           100%       2d15      0%          5
 Iron Shot                Conj/Erth      71%        9d13      0%          6
 Plasma Beam              Fire/Air       68%        2x1d93    0%          6
 Apportation              Tloc           100%       N/A       1%          1
 Slow                     Hex            100%       N/A       1%          1
 Summon Small Mammal      Summ           100%       N/A       1%          1
 Call Imp                 Summ           100%       N/A       1%          2
 Ensorcelled Hibernation  Hex/Ice        100%       N/A       1%          2
 Call Canine Familiar     Summ           61%        N/A       1%          3
 Confusing Touch          Hex            63%        N/A       1%          3
 Dazzling Flash           Conj/Hex       100%       N/A       1%          3
 Frozen Ramparts          Ice            100%       1d16      1%          3
 Gell's Gravitas          Tloc           63%        N/A       1%          3
 Ozocubu's Armour         Ice            100%       N/A       1%          3
 Portal Projectile        Hex/Tloc       100%       N/A       1%          3
 Summon Guardian Golem    Hex/Summ       62%        N/A       1%          3
 Teleport Other           Tloc           63%        N/A       1%          3
 Tukima's Dance           Hex            63%        N/A       1%          3
 Vhi's Electric Charge    Tloc/Air       100%       N/A       1%          3
 Anguish                  Hex/Necr       50%        N/A       1%          4
 Animate Armour           Summ/Erth      100%       N/A       1%          4
 Fulminant Prism          Conj/Hex       54%        3d22      1%          4
 Iskenderun's Mystic Bla  Conj/Tloc      100%       2d19      1%          4
 Leda's Liquefaction      Hex/Erth       58%        N/A       1%          4
 Olgreb's Toxic Radiance  Pois           100%       N/A       1%          4
 Freezing Cloud           Conj/Ice/Air   62%        6-21      1%          5
 Metabolic Englaciation   Hex/Ice        44%        N/A       1%          5
 Yara's Violent Unravell  Hex/Tmut       55%        3d21      1%          5
 Conjure Ball Lightning   Conj/Air       65%        3x3d23    1%          6
 Eringya's Noxious Bog    Tmut/Pois      62%        N/A       1%          6
 Simulacrum               Ice/Necr       59%        N/A       1%          6
 Dragon Form              Tmut           69%        N/A       1%          7
 Orb of Destruction       Conj           68%        9d16      1%          7
 Cause Fear               Hex            31%        N/A       2%          4
 Passage of Golubria      Tloc           63%        N/A       2%          4
 Borgnjor's Revivificati  Necr           63%        N/A       2%          8
 Infestation              Necr           63%        N/A       2%          8
 Maxwell's Capacitive Co  Air            62%        ∞         2%          8
 Ozocubu's Refrigeration  Ice            54%        4d19      3%          7
 Spellforged Servitor     Conj/Summ      54%        N/A       3%          7
 Summon Forest            Summ/Tloc      31%        N/A       9%          5
 Haunt                    Necr/Summ      50%        N/A       9%          7
 Dispersal                Tloc           31%        N/A       38%         6
 Summon Cactus Giant      Summ           30%        N/A       41%         6
 Enfeeble                 Hex            31%        N/A       89%         7
 Malign Gateway           Summ/Tloc      31%        N/A       91%         7
 Monstrous Menagerie      Summ           30%        N/A       92%         7
 Summon Hydra             Summ           30%        N/A       92%         7
 Discord                  Hex            31%        N/A       100%        8
 Summon Horrible Things   Summ           30%        N/A       100%        8
 Chain Lightning          Conj/Air       65%        3d87      14%         9
 Polar Vortex             Ice            54%        N/A       97%         9


Dungeon Overview and Level Annotations

Branches:
Dungeon (15/15)            Temple (0/1) D:6            Lair (5/5) D:10
  Swamp (4/4) Lair:3        Snake (4/4) Lair:2        Slime (5/5) Lair:4
    Orc (2/2) D:9             Elf (3/3) Orc:2        Vaults (5/5) D:13
  Crypt (3/3) Vaults:3       Tomb (3/3) Crypt:3      Depths (4/4) D:15
   Hell (visited)             Dis (0/7) Hell            Geh (0/7) Hell
    Coc (7/7) Hell            Tar (0/7) Hell            Zot (0/5) Depths:4
  Sewer (visited)           IceCv (visited)          WizLab (visited)
Desolation (visited)      Gauntlet (visited)

Altars:
Ashenzari
Cheibriados
Fedhas
Gozag
Kikubaaqudgha
Okawaru
Trog
Uskayaw
Vehumet
Xom
Yredelemnul
Jiyva

Shops:
D:1 !   Orc:2 [*!!=   Elf:1 (   Snake:1 (   Snake:2 ?   Vaults:3 *   Vaults:4 [

Portals:
Hell: Depths:1 Depths:2 Depths:3 Depths:4
Abyss: Depths:2 Depths:3
Pandemonium: Depths:2 Depths:4
Ziggurat: Depths:3
Trove: Depths:3 (give 6 scrolls of blinking)

Annotations:
Depths:1 2 transporters


Innate Abilities, Weirdness & Mutations

You are a living statue of rough stone.
Your actions are slow, but your melee attacks are powerful.
You are resistant to unholy torment.
Your maximum health is greatly increased.
You are immune to poison.
Your equipment is partially melded.
You are very small and have problems with some larger weapons.
You are too small for most types of armour.
You have supernaturally acute eyesight. (SInv)
((You cover ground extremely quickly. (Speed+++)))
You are somewhat resistant to further mutation.


Message History

Unknown command.
Unknown command.
Blink to where?
Press: ? - help, Dir - move target Splash!
An Ice Fiend comes into view.
As you read the scroll of blinking, it crumbles to dust.
The Ice Fiend roars!
You hear a roar!
A caustic shrike simulacrum comes into view.
An Ice Fiend comes into view. x2
The Ice Fiend is engulfed in a cloud of scalding steam.
The Ice Fiend barely misses you. The Ice Fiend misses you.
A wendigo comes into view.
Blink to where?
Press: ? - help, Dir - move target A juggernaut simulacrum comes into view.
As you read the scroll of blinking, it crumbles to dust.
Blink to where?
Press: ? - help, Dir - move target A five-headed hydra simulacrum comes into view.
As you read the scroll of blinking, it crumbles to dust.
The Ice Fiend calls on the powers of darkness!
Your body is wracked with pain!
* * * LOW HITPOINT WARNING * * *
The Ice Fiend gestures at you. The bolt of cold misses you.
Okay, then.
Unknown command.
Unknown command.
Unknown command.
Unknown command.
Unknown command.
As you read the scroll of teleportation, it crumbles to dust.
You feel strangely unstable.
Your surroundings suddenly seem different.
An ettin simulacrum, a titan and a nargun come into view.
The nargun hits you but does no damage. The nargun bites you!
* * * LOW HITPOINT WARNING * * *
The nargun freezes you! You resist.
You die...

≈≈≈≈≈≈≈~~~ ~~~ ~ ~
~~ * ≈≈≈≈§§≈ ~ ~
~~~~ ~ * ≈≈≈≈§§§
~~≈≈≈≈~~≈≈≈≈≈≈≈~~*
≈≈≈≈§§§
≈≈≈≈~~≈≈≈≈≈≈≈~~*
≈≈≈§§.§~~
≈≈≈≈.~C≈≈≈≈≈≈ ~
≈≈≈§§§.{,
≈.....≈≈≈≈≈≈≈ *
≈≈≈≈≈≈ ,
..........≈≈≈ ~*
~~ ~
,.............~~*
~~{ ~
~≈.....8......, *
~~ ~Z≈≈..9.....≈.,
~ ~~ ~
≈≈≈≈........≈~ * ~
~≈≈≈..........~~*
~ ~ ~~ ~
≈≈..##'##.... ~~ ~
~ ,....*... ....,~
~ ~~, ,
,*###**#'#**... ,
,, *,, ,,,, ,,~ *
, , ,, ,, ,, ,, *,
~~*


You could see a titan (wandering), a nargun and an ettin simulacrum.

Vanquished Creatures
  the Royal Jelly (Slime:5)
  2 dread liches
  2 ancient liches
  Mara (Vaults:4)
  3 juggernauts
  22 royal mummies
  Boris (Tomb:3)
  Bai Suzhen (Snake:4)
  11 shard shrikes
  Vv (Crypt:2)
  Vashnia (Snake:4)
  A curse toe (Crypt:3)
  2 caustic shrikes
  8 golden dragons
  Xtahua (Depths:3)
  Geryon (Hell)
  Nikola (Swamp:4)
  3 doom hounds (Hell)
  The ghost of ripuliukko the Sorcerer, an adept GrEE of Vehumet (Depths:1)
  6 tentacled monstrosities
  12 Ice Fiends
  Asterion (Snake:1)
  A walking earthen tome (Depths:3)
  Mlioglotl (Snake:1)
  15 liches
  2 walking crystal tomes (Depths:3)
  A quicksilver dragon (shapeshifter) (Elf:1)
  2 deep elf blademasters
  23 acid blobs
  A walking frostbound tome (Depths:3)
  7 titans
  A deep elf master archer (Elf:3)
  14 ancient champions
  The ghost of Ewe Xiki the Bludgeoner, an adept HuBe of Trog (D:15)
  The ghost of Byusuceo the Brawler, an adept TrMo of Nemelex Xobeh (Depths:1)
  6 shadow dragons (Vaults:5)
  14 sphinxes
  13 tengu reavers
  Roxanne (Snake:1)
  2 thorn hunters (Swamp:4)
  12 storm dragons
  13 revenants
  The ghost of Lyniq the Alchemist, a journeyman DrTm of Wu Jian (D:15)
  6 draconian monks (Depths:4)
  3 nagarajas (Snake:4)
  The ghost of Naassine the Impaler, a journeyman MiFi of the Shining One (Depths:1)
  12 fire giants
  11 narguns
  3 iron dragons
  Donald (Vaults:1)
  12 frost giants
  8 azure jellies
  14 rockslimes
  20 vault wardens
  6 shard shrike simulacra
  2 imperial myrmidons (Desolation)
  Aizul (Snake:1)
  7 deep elf sorcerers
  A draconian scorcher (Depths:4)
  2 caustic shrike zombies
  2 balrugs (Hell)
  7 deep elf elementalists
  2 war gargoyles
  5 ghouls
  5 curse skulls
  3 orc warlords
  23 ironbound preservers
  14 very ugly things
  A caustic shrike skeleton (Depths:3)
  12 stone giants
  4 draconian annihilators (Depths:4)
  A hydra skeleton (Swamp:4)
  7 reapers
  5 spriggan defenders
  7 vampire knights
  5 ironbound thunderhulks
  5 green draconians (Depths:4)
  12 quicksilver oozes
  Nessos (D:14)
  12 bennus
  4 eleionomae
  4 black draconians (Depths:4)
  5 deep elf annihilators
  5 deep elf demonologists
  9 bunyips
  2 lorocyprocas (Hell)
  Azrael (D:14)
  9 dire elephants
  21 elemental wellsprings
  10 purple draconians (Depths:4)
  7 halazid warlocks
  13 wendigos
  3 red draconians (Depths:4)
  5 white draconians (Depths:4)
  A crystal guardian (Desolation)
  A minotaur (shapeshifter) (Vaults:5)
  A minotaur (Gauntlet)
  12 deep elf death magi
  12 spark wasps
  2 iron golems (Hell)
  10 ettins
  3 blizzard demons (Hell)
  6 ragged hierophants (Desolation)
  11 eidola
  19 mummy priests
  Josephine (D:9)
  2 entropy weavers (Vaults:2)
  Fannar (D:11)
  14 jiangshi
  5 shambling mangroves
  10 great orbs of eyes
  11 servants of whispers (Desolation)
  A merfolk impaler (Depths:3)
  12 yaktaur captains
  6 ice dragons
  4 deep elf high priests
  3 salamander tyrants (Snake:4)
  3 fire dragons
  8 peacekeepers
  3 rakshasas
  30 vault guards
  Erolcha (D:9)
  8 juggernaut simulacra
  15 hydras
  The ghost of Ihait the Thaumaturge, a journeyman DECj of Sif Muna (Lair:3)
  8 caustic shrike simulacra
  A hydra (shapeshifter) (Vaults:5)
  4 spriggan air magi
  12 centaur warriors
  15 anacondas
  9 ironbound frosthearts
  A two-headed ogre (Orc:2)
  33 dancing weapons
  42 death scarabs
  6 boulder beetles
  14 alligators
  2 death knights
  10 deep troll shamans
  13 deep troll earth magi
  10 death yaks
  6 tengu warriors
  5 hell hogs
  8 naga warriors
  4 orc high priests (Orc:2)
  16 hell knights
  8 vampire magi
  Nergalle (Orc:1)
  2 titan zombies (WizLab)
  10 sun demons
  11 shock serpents
  19 spriggans
  15 deep elf knights
  8 soul eaters
  5 spriggan berserkers
  4 sixfirhies (Gauntlet)
  A wretched star (Gauntlet)
  12 naga sharpshooters
  15 iron trolls
  A spark wasp zombie (WizLab)
  8 shadow wraiths
  2 skysharks
  A spectral anaconda (Lair:5)
  8 salamander mystics
  5 flayed ghosts
  4 goliath frogs
  3 quicksilver dragon simulacra
  22 skeletal warriors
  Lodul (D:14)
  6 glowing orange brains
  13 sea snakes
  2 spriggan druids (Swamp:4)
  A death drake (Depths:4)
  9 swamp dragons
  A spectral hydra (Swamp:4)
  74 deep trolls
  3 bog bodies
  2 orange crystal statues (Depths:1)
  3 storm dragon skeletons
  24 phantasmal warriors
  15 deep elf archers
  17 ironbound convokers
  10 wizards
  14 lindwurms
  5 naga ritualists
  2 obsidian statues
  A spectral wolf spider (WizLab)
  26 deep elf zephyrmancers
  22 orc knights
  37 deep elf pyromancers
  3 oklob plants (Swamp:4)
  11 mana vipers
  13 necromancers
  A spectral spriggan (WizLab)
  6 orc sorcerers
  A fenstrider witch simulacrum (Coc:1)
  A stone giant zombie (Tomb:1)
  2 cyclopes
  25 salamanders
  7 manticores
  29 ugly things
  An iron dragon skeleton (Crypt:3)
  4 shining eyes
  4 will-o-the-wisps
  Joseph (D:8)
  A fire giant skeleton (Depths:3)
  A frost giant skeleton (Crypt:1)
  21 elephants
  Maurice (D:8)
  19 vault sentinels
  55 black mambas
  6 titan simulacra
  An eye of devastation (Slime:5)
  A rust devil (Hell)
  2 water nymphs (shapeshifter)
  8 guardian serpents
  A dire elephant zombie (Lair:5)
  2 gargoyles
  5 naga magi
  A dire elephant skeleton (Lair:5)
  3 torpor snails
  2 ice statues (IceCv)
  16 cane toads
  2 storm dragon simulacra (Coc:1)
  3 rime drakes
  2 unseen horrors
  Maggie (D:8)
  An elephant slug zombie (Crypt:2)
  7 hellions
  13 komodo dragons
  A pale draconian zombie (Crypt:2)
  A centaur skeleton (D:15)
  21 yaktaurs
  17 freezing wraiths
  5 tengu conjurers
  4 unseen horror zombies (D:9)
  2 bunyip simulacra
  A green draconian skeleton (Crypt:2)
  A purple draconian skeleton (Crypt:3)
  7 anaconda simulacra
  10 ice devils
  2 golden dragon simulacra
  59 guardian mummies
  2 harpy zombies (Tomb:3)
  A spectral harpy (WizLab)
  The ghost of JPNDWG the Chopper, an amateur HOMo (D:5)
  A red devil (Hell)
  10 trolls
  4 iron giant simulacra
  2 hydra zombies (Swamp:4)
  7 tyrant leeches
  A bloated husk (Swamp:3)
  5 polar bears
  22 hornets
  A shadow dragon simulacrum (Coc:1)
  2 death drake zombies (Swamp:4)
  Prince Ribbit (D:6)
  An iron troll skeleton (Crypt:2)
  A death drake skeleton (Swamp:4)
  17 blink frogs
  2 spriggan zombies (WizLab)
  61 saltlings (Desolation)
  126 slime creatures
  6 dream sheep
  A spectral elephant (Lair:5)
  A tarantella zombie (Crypt:1)
  6 iron dragon simulacra
  29 flying skulls
  5 stone giant simulacra
  Sigmund (D:2)
  An ettin zombie (Tomb:1)
  A radroach zombie (Crypt:1)
  A spriggan (shapeshifter) (Elf:2)
  A black mamba zombie (Tomb:2)
  18 wraiths
  A water elemental (Elf:2)
  An air elemental (Elf:3)
  3 wyverns
  3 naga simulacra
  4 dire elephant simulacra
  24 ushabtiu
  58 yaks
  2 basilisks
  An alligator snapping turtle simulacrum (Coc:3)
  23 golden eyes
  8 fire elementals
  Grum (D:8)
  A steam dragon (D:9)
  A redback (Vaults:2)
  A death yak simulacrum (Lair:5)
  16 vampire mosquitoes
  15 swamp worms
  22 harpy simulacra
  2 naga zombies
  A neqoxec (Gauntlet)
  6 wargs
  A spectral cane toad (Lair:5)
  9 hell hounds
  23 nagas
  A skyshark zombie (Crypt:1)
  4 acid dragons
  9 hydra simulacra
  13 water moccasins
  Duvessa (D:7)
  A water nymph skeleton (Crypt:3)
  Pargi (Sewer)
  2 small abominations (Gauntlet)
  A deep troll skeleton (Crypt:1)
  5 swamp drakes
  A floating eye (Depths:1)
  An ice beast (D:7)
  4 black bears
  39 orc warriors
  A sky beast (D:4)
  6 ettin simulacra
  A meliai simulacrum (D:15)
  10 centaurs
  21 ogres
  25 wolves
  An elephant skeleton (Lair:5)
  5 phantoms
  7 kobold brigands
  14 bullfrogs
  A yaktaur zombie (Crypt:2)
  A vine stalker zombie (Crypt:1)
  2 necrophages
  A scorpion (shapeshifter) (D:13)
  2 wyvern zombies
  2 cane toad simulacra (Lair:5)
  A gnoll sergeant (D:9)
  2 scorpions (D:5)
  6 wights
  Dowan (D:7)
  7 killer bees (D:10)
  9 howler monkeys
  13 electric eels
  5 crimson imps
  5 hounds
  45 orc priests
  3 jellies
  5 centaur zombies
  2 human zombies (Crypt:1)
  4 gnoll boudas
  A sleepcap (D:6)
  2 human skeletons
  An iron imp (Orc:2)
  27 orc wizards
  A scorpion zombie (Crypt:1)
  An iguana (D:4)
  12 hell rats
  6 spriggan simulacra
  A wolf simulacrum (IceCv)
  A deep dwarf zombie (Crypt:1)
  An ogre skeleton (Crypt:1)
  67 mummies
  A howler monkey zombie (D:9)
  24 gnolls
  5 adders
  3 river rats (D:6)
  2 steam dragon skeletons (Crypt:3)
  A swamp drake skeleton (Crypt:2)
  2 shadow imps
  2 white imps
  A jelly zombie (Crypt:1)
  3 worms
  3 dart slugs
  74 orcs
  4 endoplasms
  A giant cockroach (D:3)
  7 goblins
  6 hobgoblins
  8 jackals
  29 kobolds
  3 quokkas
  3 training dummies (Elf:1)
  9 ball pythons
  A ball python skeleton (Crypt:3)
  7 bats
  3 frilled lizards
  A gnoll skeleton (Crypt:2)
  2 jackal skeletons
  6 rats
  A fire vortex (Hell)
3050 creatures vanquished.

Vanquished Creatures (collateral kills)
  Sojobo (Depths:2)
  the Enchantress (Depths:2)
  2 Ice Fiends
  A tengu reaver (Depths:2)
  2 frost giants (Depths:2)
  2 spriggan defenders (Depths:2)
  2 stone giants (Depths:2)
  3 very ugly things (Depths:2)
  A fire dragon (Depths:3)
  An ettin (Depths:2)
  A caustic shrike simulacrum (Coc:2)
  A spriggan air mage (Depths:2)
  A rakshasa (Depths:2)
  An orc knight (Orc:1)
  A tengu conjurer (Depths:2)
  A naga simulacrum (Coc:7)
  3 harpy simulacra
  2 hydra simulacra
27 creatures vanquished.

Vanquished Creatures (others)
  An ettin (Depths:1)
  A ragged hierophant (Desolation)
  A deep troll shaman (Depths:1)
  An anaconda simulacrum (Coc:4)
  An alligator snapping turtle simulacrum (Coc:2)
  3 harpy simulacra
  An orc wizard (Orc:2)
  92 fire vortices
  4 foxfires
105 creatures vanquished.

Grand Total: 3182 creatures vanquished

Notes
Turn   | Place    | Note
-------+----------+-------------------------------------------
     0 | D:1      | barcode the Spriggan Conjurer began the quest for the Orb.
     0 | D:1      | Reached XP level 1. HP: 9/9 MP: 5/5
   196 | D:1      | Reached skill level 3 in Spellcasting
   242 | D:1      | Found Pamyoc's Distillery.
   416 | D:1      | Reached XP level 2. HP: 13/13 MP: 0/7
   820 | D:1      | Bought a potion of degeneration for 12 gold pieces
  1040 | D:2      | Reached XP level 3. HP: 16/16 MP: 6/9
  1122 | D:2      | Learned a level 2 spell: Searing Ray
  1480 | D:2      | Noticed Sigmund
  1657 | D:2      | Reached skill level 4 in Spellcasting
  1885 | D:2      | Killed Sigmund
  1886 | D:2      | Reached XP level 4. HP: 24/24 MP: 7/11
  1886 | D:2      | Reached XP level 5. HP: 28/28 MP: 7/12
  2324 | D:3      | Reached XP level 6. HP: 32/32 MP: 6/13
  2622 | D:3      | Found a faded altar of an unknown god.
  2625 | D:3      | Prayed at the altar of an unknown god.
  2625 | D:3      | Became a worshipper of Ashenzari the Shackled
  3055 | D:4      | Reached skill level 5 in Spellcasting
  3138 | D:4      | Learned a level 4 spell: Sticky Flame
  3162 | D:4      | Reached skill level 1 in Fire Magic
  3420 | D:4      | Noticed a sky beast
  3431 | D:4      | Killed a sky beast
  3432 | D:4      | Reached XP level 7. HP: 29/36 MP: 8/15
  3795 | D:4      | Reached * piety under Ashenzari
  3817 | D:4      | Reached skill level 1 in Short Blades
  4215 | D:4      | Reached XP level 8. HP: 37/40 MP: 3/16
  4393 | D:5      | Entered Level 5 of the Dungeon
  4643 | D:5      | Learned a level 2 spell: Poisonous Vapours
  4798 | D:5      | Reached ** piety under Ashenzari
  4941 | D:5      | Found a transporter.
  4944 | D:5      | Found a transporter.
  4944 | D:5      | Noticed JPNDWG's ghost (amateur HOMo)
  5073 | D:5      | Found a snail-covered altar of Cheibriados.
  5100 | D:5      | Found an opulent altar of Gozag.
  5108 | D:5      | Reached skill level 1 in Air Magic
  5750 | D:6      | Found a staircase to the Ecumenical Temple.
  5794 | D:6      | Noticed Prince Ribbit
  5894 | D:6      | Found a glowing drain.
  5899 | Sewer    | Entered a sewer
  6032 | Sewer    | Noticed Pargi
  6045 | Sewer    | Killed Pargi
  6120 | Sewer    | Identified the +0 leather armour of Shielding {rN+ Dex+3}
  6252 | D:6      | Killed Prince Ribbit
  6253 | D:6      | Reached skill level 5 in Fire Magic
  6253 | D:6      | Reached XP level 9. HP: 44/44 MP: 8/17
  6258 | D:6      | Learned a level 3 spell: Ignite Poison
  6349 | D:6      | Reached skill level 1 in Transmutations
  7199 | D:6      | Reached *** piety under Ashenzari
  8022 | D:7      | Noticed Duvessa
  8022 | D:7      | Noticed Dowan
  8029 | D:7      | Killed Duvessa
  8029 | D:7      | Killed Dowan
  8204 | D:7      | Learned a level 4 spell: Olgreb's Toxic Radiance
  8386 | D:7      | Reached **** piety under Ashenzari
  8448 | D:7      | Reached skill level 5 in Poison Magic
  8910 | D:8      | Noticed Maurice
  8914 | D:8      | Killed Maurice
  9108 | D:8      | Noticed Joseph
  9114 | D:8      | Killed Joseph
  9115 | D:8      | Reached XP level 10. HP: 44/51 MP: 5/21
  9335 | D:8      | Noticed Maggie
  9592 | D:8      | Reached skill level 6 in Spellcasting
  9618 | D:8      | Noticed Grum
  9621 | D:8      | Killed Grum
  9715 | D:8      | Reached skill level 7 in Spellcasting
  9928 | D:9      | Reached skill level 8 in Spellcasting
 10183 | D:9      | Reached skill level 5 in Dodging
 10650 | D:9      | Reached XP level 11. HP: 55/55 MP: 15/26
 10655 | D:9      | Found a staircase to the Orcish Mines.
 11127 | D:9      | Reached ***** piety under Ashenzari
 11315 | D:9      | Noticed Erolcha
 11317 | D:9      | Killed Erolcha
 11318 | D:9      | Reached skill level 5 in Transmutations
 11367 | Orc:1    | Entered Level 1 of the Orcish Mines
 11367 | Orc:1    | Noticed Josephine
 11367 | Orc:1    | Noticed Nergalle
 11372 | D:9      | Killed Josephine
 11404 | D:10     | Entered Level 10 of the Dungeon
 12371 | D:10     | Found a staircase to the Lair.
 12756 | Lair:1   | Entered Level 1 of the Lair of Beasts
 12762 | Lair:1   | Reached skill level 9 in Spellcasting
 12999 | Lair:1   | Identified Vehumet's Tome of Injury
 13007 | Lair:1   | Reached skill level 10 in Spellcasting
 13187 | Lair:1   | Reached skill level 11 in Spellcasting
 13417 | Lair:1   | Learned a level 5 spell: Fireball
 13451 | Lair:1   | Reached XP level 12. HP: 63/63 MP: 27/31
 13899 | Lair:2   | Found a staircase to the Snake Pit.
 14387 | Lair:2   | Noticed a death yak
 14390 | Lair:2   | Noticed a death yak
 14391 | Lair:2   | Noticed a death yak
 14391 | Lair:2   | Noticed a death yak
 14392 | Lair:2   | Noticed a death yak
 14393 | Lair:2   | Noticed a death yak
 14397 | Lair:2   | Killed a death yak
 14397 | Lair:2   | Killed a death yak
 14397 | Lair:2   | Killed a death yak
 14397 | Lair:2   | Killed a death yak
 14398 | Lair:2   | Reached skill level 5 in Conjurations
 14398 | Lair:2   | Reached skill level 5 in Fighting
 14399 | Lair:2   | Killed a death yak
 14400 | Lair:2   | Killed a death yak
 15331 | Lair:3   | Found a runed translucent gate.
 15331 | Lair:3   | Noticed Ihait's ghost (journeyman DECj)
 15332 | Lair:3   | Found a runed translucent gate.
 15333 | Lair:3   | Found a runed translucent gate.
 15351 | Lair:3   | Identified the amulet of Nakaifoe {RegenMP rF+}
 15381 | Lair:3   | Noticed a death yak
 15389 | Lair:3   | Killed a death yak
 15473 | Lair:3   | Found a gate leading to a gauntlet.
 15476 | Lair:3   | Noticed a death yak
 15519 | Lair:3   | Killed a death yak
 15533 | Gauntlet | Entered a Gauntlet
 15571 | Gauntlet | Found a transporter.
 15571 | Gauntlet | Found a transporter.
 15571 | Gauntlet | Identified the ring "Nujoxzog" {rElec Int+6 Dex+5}
 15572 | Gauntlet | Identified the +8 great sword of Dismay {antimagic, rF+ rN+
                  | Str+3}
 15573 | Gauntlet | Noticed an entropy weaver
 15578 | Gauntlet | Identified the +0 pair of boots of Okawaru's Generosity
                  | {-Cast rElec Dex+6}
 15582 | Gauntlet | Found a transporter.
 15593 | Gauntlet | Found a transporter.
 15602 | Gauntlet | Identified the ring of Tisaexedgh {rN+ Will- EV+5 Int+2}
 15621 | Gauntlet | Found a transporter.
 15646 | Gauntlet | Found a transporter.
 15665 | Gauntlet | Found a transporter.
 15683 | Gauntlet | Found a transporter.
 15684 | Gauntlet | Found a transporter.
 15698 | Gauntlet | Found a transporter.
 15698 | Gauntlet | Found a transporter.
 15708 | Gauntlet | Found a transporter.
 15783 | Gauntlet | Reached skill level 1 in Shields
 15910 | Gauntlet | HP: 2/66 [stone wall collision (15)]
 15921 | Gauntlet | Reached XP level 13. HP: 41/54 MP: 2/31
 15945 | Gauntlet | Identified the cursed scarf of Ashenzari's Loss {shadows,
                  | Self, Alch} (You found it on level 3 of the Dungeon)
 15945 | Gauntlet | Identified the cursed +0 robe "Shattered Malaise" {Alch,
                  | Melee}
 16259 | Gauntlet | Identified the +8 morningstar of Expedience {protect, rElec
                  | rN+ Str+2 Int-3}
 16259 | Gauntlet | Noticed a minotaur
 16262 | Gauntlet | Killed a minotaur
 17073 | Lair:3   | Found a staircase to the Swamp.
 17302 | Lair:3   | Killed Ihait's ghost
 17450 | Lair:4   | Reached skill level 5 in Shields
 19195 | Lair:4   | Found a runed translucent door.
 19196 | Lair:4   | Found a viscous altar of Jiyva.
 19350 | Lair:4   | Reached skill level 10 in Fire Magic
 19723 | Lair:4   | Found a staircase to the Slime Pits.
 19801 | Lair:4   | Learned a level 3 spell: Stone Arrow
 20068 | Lair:1   | Reached skill level 1 in Earth Magic
 20272 | D:11     | Found a flickering gateway to a bazaar.
 20307 | Bazaar   | Entered a bazaar
 20309 | Bazaar   | Found Riwn's Book Boutique.
 20313 | Bazaar   | Found Fosauvun's Assorted Antiques.
 20313 | Bazaar   | Found Tuef's Assorted Antiques.
 20314 | Bazaar   | Found Jivvemy's Assorted Antiques.
 20335 | Bazaar   | Bought a potion of mutation for 248 gold pieces
 20343 | Bazaar   | Bought a metallic dark potion for 22 gold pieces
 20343 | Bazaar   | Bought an ichor-stained falchion for 200 gold pieces
 20343 | Bazaar   | Identified the +1 falchion of Ullaof {antimagic, Fragile
                  | rElec rPois Str+4} (You bought it in a shop in a bazaar)
 20343 | Bazaar   | Bought a potion of berserk rage for 125 gold pieces
 20361 | Bazaar   | Bought an opal ring for 155 gold pieces
 20410 | D:11     | Noticed Fannar
 20414 | D:11     | Killed Fannar
 20415 | D:11     | Reached XP level 14. HP: 66/74 MP: 16/33
 20438 | D:11     | Found a frozen archway.
 20454 | IceCv    | Entered an ice cave
 20566 | IceCv    | Reached skill level 1 in Evocations
 20943 | IceCv    | Reached skill level 5 in Evocations
 21032 | IceCv    | Found the +4 skin of Zhor {*Englaciate rC+++ SInv}
 21370 | D:11     | Reached skill level 5 in Earth Magic
 22438 | D:12     | Found a hide-covered altar of Uskayaw.
 22890 | D:13     | Found a gate to the Vaults.
 22893 | D:13     | Reached skill level 10 in Stealth
 23125 | D:13     | Found an iron altar of Okawaru.
 23793 | D:14     | Found a bloodstained altar of Trog.
 23915 | D:14     | Noticed Lodul
 23916 | D:14     | Noticed Nessos
 23921 | D:14     | Killed Lodul
 23924 | D:14     | Killed Nessos
 24342 | D:14     | Noticed Azrael
 24354 | D:14     | Killed Azrael
 24355 | D:14     | Reached XP level 15. HP: 67/77 MP: 20/33
 24663 | D:14     | Learned a level 8 spell: Ignition
 24682 | D:15     | Entered Level 15 of the Dungeon
 24828 | D:15     | Found a runed translucent gate.
 24828 | D:15     | Found a runed translucent gate.
 24828 | D:15     | Found a runed translucent gate.
 24832 | D:15     | Found an ancient bone altar of Kikubaaqudgha.
 24832 | D:15     | Noticed a lich
 24832 | D:15     | Identified the +2 arbalest "Evykkof" {flame, Str+4}
 24833 | D:15     | Noticed a lich
 24833 | D:15     | Noticed a lich
 24833 | D:15     | Noticed Ewe Xiki's ghost (adept HuBe)
 24837 | D:15     | Noticed Lyniq's ghost (journeyman DrTm)
 24838 | D:15     | Identified the ring of Xuaqibaj {Fire Str-2 Dex+3 Stlth+}
 24840 | D:15     | Identified the +0 pair of gloves "Ticraym" {-Cast Fly rElec
                  | Str+2}
 25125 | D:15     | Found a shimmering altar of Xom.
 25482 | D:15     | Found a staircase to the Depths.
 25765 | Orc:1    | Killed Nergalle
 26525 | Orc:2    | Entered Level 2 of the Orcish Mines
 26585 | Orc:2    | Found a staircase to the Elven Halls.
 27026 | Orc:2    | Found Mewuces's Armour Boutique.
 27420 | Orc:2    | Found Giem Uke's Jewellery Boutique.
 27428 | Orc:2    | Found Jehafaim's Distillery.
 27437 | Orc:2    | Found Hiuveom's Assorted Antiques.
 27440 | Orc:2    | Found Weguraq's Distillery.
 27590 | Orc:2    | Bought the ring of the Mage {Wiz Archmagi} for 663 gold
                  | pieces
 27590 | Orc:2    | Found the ring of the Mage {Wiz Archmagi}
 27591 | Orc:2    | Bought 2 potions of mutation for 176 gold pieces
 27591 | Orc:2    | Bought a potion of ambrosia for 88 gold pieces
 27591 | Orc:2    | Bought a potion of brilliance for 44 gold pieces
 27593 | Orc:2    | Bought a potion of brilliance for 64 gold pieces
 27602 | Orc:2    | Learned a level 5 spell: Borgnjor's Vile Clutch
 27813 | Swamp:1  | Entered Level 1 of the Swamp
 28538 | Swamp:2  | Identified the +0 broad axe of Karma {freeze, rCorr}
 28799 | Swamp:2  | Reached skill level 15 in Fire Magic
 28799 | Swamp:2  | Reached XP level 16. HP: 84/84 MP: 20/35
 29170 | Swamp:2  | Identified the +0 trident "Fuesyfy" {speed, rPois Will+
                  | Str+4}
 29725 | Swamp:3  | Found a radiant altar of Vehumet.
 29732 | Swamp:3  | Reached skill level 1 in Ice Magic
 29939 | Swamp:4  | Entered Level 4 of the Swamp
 29966 | Swamp:4  | Identified the +0 pair of gloves of the Kangaroo {Will+
                  | Str+2}
 29966 | Swamp:4  | Noticed Nikola
 29978 | Swamp:4  | Killed Nikola
 31032 | Swamp:4  | Reached skill level 1 in Necromancy
 31620 | Swamp:4  | Noticed a thorn hunter
 31724 | Swamp:4  | Noticed a thorn hunter
 31727 | Swamp:4  | Killed a thorn hunter
 31804 | Swamp:4  | Found a basalt altar of Yredelemnul.
 31842 | Swamp:4  | Killed a thorn hunter
 31875 | Swamp:4  | Reached XP level 17. HP: 75/86 MP: 14/36
 31911 | Swamp:4  | Found a blossoming altar of Fedhas.
 31968 | Swamp:4  | Got a decaying rune of Zot
 32387 | Elf:1    | Entered Level 1 of the Elven Halls
 32442 | Elf:1    | Found Xamydaug's Firing Range.
 32468 | Elf:1    | Learned a level 2 spell: Sublimation of Blood
 32480 | Elf:1    | Learned a level 5 spell: Freezing Cloud
 32491 | Elf:1    | Found a crumbling gateway.
 32510 | Desolati | Entered the Desolation of Salt
 32640 | Desolati | Reached skill level 10 in Dodging
 32843 | Desolati | Identified the staff of cold "Hadat" {rC+ Str+2}
 32860 | Desolati | Identified the ring of the Invisible Hand {rElec rC+ rCorr
                  | Int-2 Dex+6 SInv}
 32911 | Desolati | Identified the Secrets of the Red Rocks
 32925 | Desolati | Learned a level 5 spell: Lee's Rapid Deconstruction
 32930 | Desolati | Identified the ring "Meiryoso" {rC+ rN+ Will++ Str+2 Dex-3}
 33818 | Desolati | Reached skill level 12 in Spellcasting
 34093 | Desolati | Identified the Volume of the Serac and Unspeakable
                  | Liturgies
 34162 | Desolati | Identified the +8 sling "Miraw Mog" {drain, rElec MP+9
                  | Int+3 Dex-2}
 34162 | Desolati | Identified the ring "Nixain" {Wiz Str+5 Dex-5}
 34323 | Desolati | Identified the +9 rapier of the Several Seas {speed, rPois
                  | rC+ rN++ Dex-2}
 34323 | Desolati | Identified the Omnibus of Morbid Obstruction
 34329 | Desolati | Identified the Tome of Scorched Snow
 34966 | Elf:1    | Reached skill level 10 in Transmutations
 35196 | Elf:1    | Found a radiant altar of Vehumet.
 35239 | Elf:1    | Noticed a quicksilver dragon
 35245 | Elf:1    | Killed a quicksilver dragon
 35246 | Elf:1    | Reached XP level 18. HP: 68/95 MP: 15/38
 36037 | Elf:2    | Found a runed translucent gate.
 36038 | Elf:2    | Found a runed translucent gate.
 36038 | Elf:2    | Found a runed translucent gate.
 36080 | Elf:2    | Reached skill level 13 in Spellcasting
 36852 | Elf:3    | Entered Level 3 of the Elven Halls
 37757 | Elf:3    | Identified the +1 spear "Luklenoin" {heavy, *Noise Will+++
                  | Dex+4 SInv}
 38106 | Elf:3    | Identified the +4 hand axe of the Wolf {freeze, rN+}
 38106 | Elf:3    | Identified the +3 buckler "Wajokh" {Regen+ Dex+3}
 38123 | Elf:3    | Reached skill level 10 in Fighting
 38165 | Elf:3    | Identified the staff of death "Epsec" {rN+ Str+2 Int-3
                  | Dex+2}
 38177 | Elf:3    | Reached XP level 19. HP: 51/102 MP: 13/39
 38349 | Elf:3    | Reached skill level 14 in Spellcasting
 38369 | Elf:3    | Identified the Precepts of Ice and the Body
 38378 | Elf:3    | Identified the +0 pair of boots "Uphin Tysti" {Contam +Inv
                  | Int+3}
 38537 | Elf:3    | Learned a level 6 spell: Statue Form
 38799 | Snake:1  | Entered Level 1 of the Snake Pit
 38985 | Snake:1  | Found Kurghu's Antique Weapon Shop.
 38988 | Snake:1  | Noticed Mlioglotl
 38996 | Snake:1  | Killed Mlioglotl
 39045 | Snake:1  | Found Beiliera's General Store.
 39077 | Snake:1  | Identified Roxanne's Secrets of Shaping
 39077 | Snake:1  | Noticed Roxanne
 39082 | Snake:1  | Killed Roxanne
 39252 | Snake:1  | Noticed Aizul
 39262 | Snake:1  | Killed Aizul
 39263 | Snake:1  | Reached skill level 15 in Spellcasting
 39447 | Snake:1  | Noticed Asterion
 39452 | Snake:1  | Killed Asterion
 39453 | Snake:1  | Reached skill level 5 in Short Blades
 40328 | Snake:2  | Found Sukaen's Magic Scroll Boutique.
 40336 | Snake:2  | Bought a scroll of amnesia for 68 gold pieces
 40336 | Snake:2  | Bought a scroll of blinking for 127 gold pieces
 41095 | Snake:3  | Identified the Spellbook of the Anticline and Battling
 41470 | Snake:3  | Reached skill level 5 in Necromancy
 42269 | Snake:4  | Entered Level 4 of the Snake Pit
 42269 | Snake:4  | Identified the amulet of Tagics {*Corrode rElec Regen+
                  | Str+2 Dex+3}
 42616 | Snake:4  | Reached skill level 10 in Earth Magic
 42628 | Snake:4  | Noticed Bai Suzhen
 42689 | Snake:4  | Killed Bai Suzhen
 43253 | Snake:4  | Reached XP level 20. HP: 90/108 MP: 10/42
 43918 | Snake:4  | Got a serpentine rune of Zot
 44223 | Snake:4  | Noticed Vashnia
 44227 | Snake:4  | Killed Vashnia
 44645 | Slime:1  | Entered Level 1 of the Pits of Slime
 45001 | Slime:2  | Gained mutation: You are clumsy. (Dex -2) [a shining eye]
 45427 | Slime:2  | Paralysed by a great orb of eyes for 3 turns
 45545 | Slime:2  | Gained mutation: You occasionally shout uncontrollably at
                  | your foes. [a shining eye]
 46527 | Slime:4  | Gained mutation: You sometimes lose your temper in combat.
                  | [a shining eye]
 46676 | Slime:4  | Gained mutation: You are weak. (Str -2) [a shining eye]
 47057 | Slime:5  | Entered Level 5 of the Pits of Slime
 47058 | Slime:5  | Lost mutation: You sometimes lose your temper in combat.
                  | [potion of mutation]
 47058 | Slime:5  | Lost mutation: You occasionally shout uncontrollably at
                  | your foes. [potion of mutation]
 47058 | Slime:5  | Gained mutation: You expend magic power (3 MP) to
                  | strengthen your wands. [potion of mutation]
 47058 | Slime:5  | Gained mutation: You have sharp toenails. [potion of
                  | mutation]
 47058 | Slime:5  | Gained mutation: Your flesh is cold resistant. (rC+)
                  | [potion of mutation]
 47059 | Slime:5  | Lost mutation: Your flesh is cold resistant. (rC+) [potion
                  | of mutation]
 47059 | Slime:5  | Lost mutation: You are clumsy. (Dex -2) [potion of
                  | mutation]
 47059 | Slime:5  | Lost mutation: You have sharp toenails. [potion of
                  | mutation]
 47059 | Slime:5  | Gained mutation: You are covered in fur. (AC +1) [potion of
                  | mutation]
 47059 | Slime:5  | Gained mutation: You are robust. (+10% HP) [potion of
                  | mutation]
 47059 | Slime:5  | Gained mutation: You are covered in thick fur. (AC +2)
                  | [potion of mutation]
 47199 | Slime:5  | Noticed the Royal Jelly
 47213 | Slime:5  | Killed the Royal Jelly
 47247 | Slime:5  | Reached XP level 21. HP: 93/123 MP: 12/43
 47502 | Slime:5  | Identified the ring "Gaamaar" {Wiz rPois Str+2 Int+3}
 47502 | Slime:5  | Identified the staff of earth "Geoppu" {+Blink}
 47502 | Slime:5  | Identified a scroll of acquirement
 47546 | Slime:5  | Identified the +4 great mace of Zofobeph {drain, rElec
                  | Str+2 Int+3}
 47591 | Slime:5  | Got a slimy rune of Zot
 48083 | Lair:5   | Entered Level 5 of the Lair of Beasts
 48352 | Lair:5   | Reached skill level 15 in Earth Magic
 49498 | Lair:5   | Reached skill level 16 in Spellcasting
 49930 | D:8      | Killed Maggie
 50045 | D:5      | Killed JPNDWG's ghost
 50269 | D:1      | Bought a potion of curing for 36 gold pieces
 50269 | D:1      | Bought a potion of cancellation for 96 gold pieces
 50269 | D:1      | Bought a potion of brilliance for 48 gold pieces
 50269 | D:1      | Bought a potion of magic for 96 gold pieces
 50269 | D:1      | Bought a potion of haste for 120 gold pieces
 50269 | D:1      | Bought a potion of haste for 120 gold pieces
 50269 | D:1      | Bought a potion of haste for 120 gold pieces
 50608 | Vaults:1 | Entered Level 1 of the Vaults
 50625 | Vaults:1 | Found a flickering gateway to a bazaar.
 50643 | Bazaar   | Entered a bazaar
 50644 | Bazaar   | Found Nomi's Jewellery Shop.
 50674 | Bazaar   | Found Hiepruky's Book Emporium.
 50688 | Bazaar   | Found Jifaex's Jewellery Boutique.
 50701 | Bazaar   | Found Gyntohe's General Store.
 50707 | Bazaar   | Bought a potion of mutation for 80 gold pieces
 50707 | Bazaar   | Bought a scroll of amnesia for 40 gold pieces
 50715 | Bazaar   | Found Reseopp's Book Shoppe.
 50796 | Bazaar   | Bought a book of Annihilations for 540 gold pieces
 50796 | Bazaar   | Bought a book of Iron for 324 gold pieces
 51003 | Vaults:1 | Reached skill level 17 in Spellcasting
 51764 | Vaults:1 | Noticed Donald
 51769 | Vaults:1 | Killed Donald
 52306 | Vaults:2 | Learned a level 9 spell: Shatter
 52391 | Vaults:2 | Reached XP level 22. HP: 127/127 MP: 22/46
 54245 | Vaults:3 | Reached XP level 23. HP: 133/133 MP: 47/47
 54309 | Vaults:3 | Reached ****** piety under Ashenzari
 54453 | Vaults:3 | Identified the +6 glaive "Ahetol" {protect, Will+ Dex+3}
 54580 | Vaults:3 | Found a staircase to the Crypt.
 55145 | Vaults:3 | Found Anaimmat's General Store.
 55279 | Vaults:4 | Reached skill level 18 in Spellcasting
 55614 | Vaults:4 | Noticed Mara
 55620 | Vaults:4 | Killed Mara
 55665 | Vaults:4 | Reached skill level 19 in Spellcasting
 56114 | Vaults:4 | Found Lexofet's Armour Shop.
 56396 | Vaults:5 | Entered Level 5 of the Vaults
 56396 | Vaults:5 | Identified the +3 leather armour of Atoploke {rF+ Dex+4
                  | SInv}
 56398 | Vaults:5 | Reached XP level 24. HP: 141/141 MP: 42/50
 56500 | Vaults:5 | Identified the +7 glaive of Fangiag {protect, Str+2 Int+2}
 56593 | Vaults:5 | Noticed a dread lich
 56595 | Vaults:5 | Reached skill level 10 in Conjurations
 56595 | Vaults:5 | Killed a dread lich
 56712 | Vaults:5 | Reached skill level 5 in Air Magic
 56958 | Vaults:5 | Noticed an ancient lich
 56960 | Vaults:5 | Killed an ancient lich
 56994 | Vaults:5 | Identified the +3 leather armour of Qonluem {Rampage
                  | *Corrode Str+4}
 57328 | Vaults:5 | Identified the Handbook of Conjuration
 57445 | Vaults:5 | Identified the +2 great sword "Baisidy" {spect, Will+ Int+2
                  | SInv Stlth-}
 57445 | Vaults:5 | Identified the +1 battleaxe of Shame {heavy, SInv}
 57448 | Vaults:5 | Found the +8 Vampire's Tooth {megavamp}
 57590 | Vaults:5 | Identified the ring "Moass" {rElec AC+4 Dex+2}
 57974 | Vaults:5 | Identified the Precepts of Forms and Poisoning
 58001 | Vaults:5 | Got a silver rune of Zot
 58114 | Crypt:1  | Entered Level 1 of the Crypt
 59413 | Crypt:2  | Found a magical portal.
 59470 | WizLab   | Entered Borgnjor's Mausoleum
 59548 | WizLab   | Learned a level 9 spell: Fire Storm
 59778 | WizLab   | Reached XP level 25. HP: 132/146 MP: 31/50
 59790 | WizLab   | Identified Bitix's Atlas of Shadows
 59806 | WizLab   | Identified the Handbook of the Autopsy
 60107 | WizLab   | Learned a level 8 spell: Necromutation
 60449 | Crypt:2  | Noticed Vv
 60451 | Crypt:2  | Killed Vv
 60626 | Crypt:2  | Reached skill level 15 in Transmutations
 61020 | Crypt:2  | Found an ancient bone altar of Kikubaaqudgha.
 61407 | Crypt:3  | Entered Level 3 of the Crypt
 61482 | Crypt:3  | Noticed an ancient lich
 61489 | Crypt:3  | Killed an ancient lich
 61729 | Crypt:3  | Identified the +0 leather armour "Eleirin" {rN+}
 61766 | Crypt:3  | Identified the ring of Quoga {rC+ rN+ Str+4}
 61769 | Crypt:3  | Identified the ring "Gucutogh" {rN+ Str+3 Int+3}
 61963 | Crypt:3  | Identified the ring "Dawol" {*Corrode Fly rN+ Int+5}
 62363 | Crypt:3  | Found a staircase to the Tomb.
 62456 | Crypt:3  | Noticed a dread lich
 62458 | Crypt:3  | Killed a dread lich
 62459 | Crypt:3  | Reached skill level 10 in Necromancy
 62558 | Tomb:1   | Entered Level 1 of the Tomb of the Ancients
 62572 | Tomb:1   | Noticed a royal mummy
 62575 | Tomb:1   | Noticed a royal mummy
 62576 | Tomb:1   | Killed a royal mummy
 62579 | Tomb:1   | Killed a royal mummy
 62641 | Tomb:1   | Noticed a royal mummy
 62686 | Tomb:1   | Noticed a royal mummy
 62774 | Tomb:1   | Killed a royal mummy
 62835 | Tomb:1   | Noticed a royal mummy
 62835 | Tomb:1   | Noticed a royal mummy
 62841 | Tomb:1   | Killed a royal mummy
 62847 | Tomb:1   | Killed a royal mummy
 62911 | Tomb:1   | Killed a royal mummy
 63520 | Tomb:1   | Noticed a royal mummy
 63525 | Tomb:1   | Killed a royal mummy
 63793 | Tomb:1   | Reached XP level 26. HP: 151/151 MP: 41/50
 63894 | Tomb:1   | Noticed a royal mummy
 63898 | Tomb:1   | Killed a royal mummy
 64093 | Tomb:1   | Noticed a royal mummy
 64097 | Tomb:1   | Killed a royal mummy
 64202 | Tomb:2   | Noticed a royal mummy
 64202 | Tomb:2   | Noticed a royal mummy
 64210 | Tomb:2   | Killed a royal mummy
 64216 | Tomb:2   | Killed a royal mummy
 64219 | Tomb:2   | Noticed a royal mummy
 64221 | Tomb:2   | Noticed a royal mummy
 64225 | Tomb:2   | Killed a royal mummy
 64225 | Tomb:2   | Lost strength.
 64229 | Tomb:2   | Killed a royal mummy
 64934 | Tomb:3   | Entered Level 3 of the Tomb of the Ancients
 64947 | Tomb:3   | Noticed a royal mummy
 64948 | Tomb:3   | Noticed a royal mummy
 64953 | Tomb:3   | Killed a royal mummy
 64953 | Tomb:3   | Killed a royal mummy
 64953 | Tomb:3   | Noticed a royal mummy
 64957 | Tomb:3   | Noticed a royal mummy
 64959 | Tomb:3   | Killed a royal mummy
 64960 | Tomb:3   | Reached skill level 20 in Spellcasting
 64961 | Tomb:3   | Killed a royal mummy
 64961 | Tomb:3   | Lost strength.
 64964 | Tomb:3   | Noticed a royal mummy
 64965 | Tomb:3   | Noticed Boris
 64973 | Tomb:3   | Killed a royal mummy
 64973 | Tomb:3   | Killed Boris
 65041 | Tomb:3   | Noticed a royal mummy
 65047 | Tomb:3   | Noticed a royal mummy
 65051 | Tomb:3   | Reached skill level 21 in Spellcasting
 65051 | Tomb:3   | Noticed a royal mummy
 65052 | Tomb:3   | Killed a royal mummy
 65057 | Tomb:2   | Killed a royal mummy
 65105 | Tomb:2   | Lost mutation: You are weak. (Str -2) [potion of mutation]
 65105 | Tomb:2   | Lost mutation: You are robust. (+10% HP) [potion of
                  | mutation]
 65105 | Tomb:2   | Lost mutation: You are covered in thick fur. (AC +2)
                  | [potion of mutation]
 65105 | Tomb:2   | Gained mutation: You occasionally lose the ability to drink
                  | potions when taking damage. [potion of mutation]
 65105 | Tomb:2   | Gained mutation: You have hidden genetic defects. [potion
                  | of mutation]
 65105 | Tomb:2   | Gained mutation: You possess an exceptional clarity of
                  | mind. [potion of mutation]
 65106 | Tomb:2   | Lost mutation: You expend magic power (3 MP) to strengthen
                  | your wands. [potion of mutation]
 65106 | Tomb:2   | Lost mutation: You possess an exceptional clarity of mind.
                  | [potion of mutation]
 65106 | Tomb:2   | Lost mutation: You have hidden genetic defects. [potion of
                  | mutation]
 65106 | Tomb:2   | Gained mutation: You expend magic power (3 MP) to
                  | strengthen your wands. [potion of mutation]
 65106 | Tomb:2   | Gained mutation: You are partially covered in large bone
                  | plates. (SH +4) [potion of mutation]
 65107 | Tomb:2   | Lost mutation: You occasionally lose the ability to drink
                  | potions when taking damage. [potion of mutation]
 65107 | Tomb:2   | Lost mutation: You expend magic power (3 MP) to strengthen
                  | your wands. [potion of mutation]
 65107 | Tomb:2   | Lost mutation: You are partially covered in large bone
                  | plates. (SH +4) [potion of mutation]
 65107 | Tomb:2   | Gained mutation: You have sharp toenails. [potion of
                  | mutation]
 65107 | Tomb:2   | Gained mutation: You are dopey. (Int -2) [potion of
                  | mutation]
 65107 | Tomb:2   | Gained mutation: Your flesh is cold resistant. (rC+)
                  | [potion of mutation]
 65108 | Tomb:2   | Lost mutation: Your flesh is cold resistant. (rC+) [potion
                  | of mutation]
 65108 | Tomb:2   | Lost mutation: You are dopey. (Int -2) [potion of mutation]
 65108 | Tomb:2   | Gained mutation: You expend magic power (3 MP) to
                  | strengthen your wands. [potion of mutation]
 65108 | Tomb:2   | Gained mutation: Your movements are slightly less
                  | encumbered by armour. (ER -2) [potion of mutation]
 65109 | Tomb:2   | Lost mutation: You have sharp toenails. [potion of
                  | mutation]
 65109 | Tomb:2   | Lost mutation: You expend magic power (3 MP) to strengthen
                  | your wands. [potion of mutation]
 65109 | Tomb:2   | Lost mutation: Your movements are slightly less encumbered
                  | by armour. (ER -2) [potion of mutation]
 65109 | Tomb:2   | Gained mutation: Your spells are a little easier to cast,
                  | but a little less powerful. [potion of mutation]
 65109 | Tomb:2   | Gained mutation: You are dopey. (Int -2) [potion of
                  | mutation]
 65110 | Tomb:2   | Lost mutation: Your spells are a little easier to cast, but
                  | a little less powerful. [potion of mutation]
 65110 | Tomb:2   | Lost mutation: You are dopey. (Int -2) [potion of mutation]
 65110 | Tomb:2   | Lost mutation: You are covered in fur. (AC +1) [potion of
                  | mutation]
 65110 | Tomb:2   | Gained mutation: You are partially covered in iridescent
                  | scales. (AC +2) [potion of mutation]
 65110 | Tomb:2   | Gained mutation: You are clumsy. (Dex -2) [potion of
                  | mutation]
 65110 | Tomb:2   | Gained mutation: You have hidden genetic defects. [potion
                  | of mutation]
 65110 | Tomb:2   | Gained mutation: You are mostly covered in iridescent
                  | scales. (AC +4) [potion of mutation]
 65111 | Tomb:2   | Lost mutation: You have hidden genetic defects. [potion of
                  | mutation]
 65111 | Tomb:2   | Lost mutation: You are clumsy. (Dex -2) [potion of
                  | mutation]
 65111 | Tomb:2   | Gained mutation: Your body sometimes deteriorates upon
                  | taking damage. [potion of mutation]
 65111 | Tomb:2   | Gained mutation: You are somewhat resistant to further
                  | mutation. [potion of mutation]
 65112 | Tomb:2   | Lost mutation: Your body sometimes deteriorates upon taking
                  | damage. [potion of mutation]
 65112 | Tomb:2   | Lost mutation: You are mostly covered in iridescent scales.
                  | (AC +4) [potion of mutation]
 65112 | Tomb:2   | Lost mutation: You are partially covered in iridescent
                  | scales. (AC +2) [potion of mutation]
 65129 | Tomb:3   | Noticed a royal mummy
 65140 | Tomb:3   | Killed a royal mummy
 65141 | Tomb:3   | Killed a royal mummy
 65252 | Tomb:3   | Identified the Spellbook of Company and Detritus
 65393 | Tomb:3   | Identified the +1 long sword of the Vanishing Allies
                  | {flame, rElec rPois rN+ Stlth+}
 65394 | Tomb:3   | Identified the staff of fire "Hazytah" {rF+ rC- Str+5
                  | Stlth+}
 65409 | Tomb:3   | Identified the +0 pair of boots of Pessimism {rElec rN+}
 65562 | Tomb:3   | Got a golden rune of Zot
 66052 | D:15     | Killed Ewe Xiki's ghost
 66057 | D:15     | Killed Lyniq's ghost
 66176 | Depths:1 | Entered Level 1 of the Depths
 66260 | Depths:1 | Found a transporter.
 66584 | Depths:1 | Reached XP level 27. HP: 150/150 MP: 36/52
 66720 | Depths:1 | Noticed Naassine's ghost (journeyman MiFi)
 66723 | Depths:1 | Noticed Byusuceo's ghost (adept TrMo)
 66747 | Depths:1 | Found a transporter.
 66765 | Depths:1 | Noticed a juggernaut
 66768 | Depths:1 | Noticed ripuliukko's ghost (adept GrEE)
 66782 | Depths:1 | Identified the +5 short sword "Leviticus" {elec, SInv}
 66995 | Depths:1 | Learned a level 8 spell: Lehudib's Crystal Spear
 67093 | Depths:1 | Found a gateway to Hell.
 67422 | Depths:1 | Killed a juggernaut
 67423 | Depths:1 | Reached skill level 15 in Fighting
 67524 | Depths:1 | Killed Byusuceo's ghost
 67588 | Depths:1 | Killed ripuliukko's ghost
 67618 | Depths:1 | Killed Naassine's ghost
 67828 | Depths:1 | Learned a level 6 spell: Death Channel
 67873 | Depths:2 | Noticed the Enchantress
 67876 | Depths:2 | Killed the Enchantress
 67880 | Depths:2 | Reached skill level 15 in Necromancy
 67881 | Depths:2 | Noticed Sojobo
 67888 | Depths:2 | Paralysed by an air elemental for 1 turns
 67891 | Depths:2 | Killed Sojobo
 67925 | Depths:2 | Identified the staff of cold "Zaownur" {rElec rC+ Stlth+}
 67926 | Depths:2 | Identified Beobepes's Reference Book on Distance
 68056 | Depths:2 | Identified the +2 long sword "Cuebbaz" {elec, rC+}
 68084 | Depths:2 | Found a one-way gate leading to the halls of Pandemonium.
 68621 | Depths:2 | Found a one-way gate to the infinite horrors of the Abyss.
 69119 | Depths:3 | Noticed a juggernaut
 69124 | Depths:3 | Killed a juggernaut
 69245 | Depths:3 | Noticed a juggernaut
 69342 | Depths:3 | Noticed Xtahua
 69479 | Depths:3 | Killed Xtahua
 69700 | Depths:3 | Found a snail-covered altar of Cheibriados.
 69809 | Depths:3 | Found a portal to a secret trove of treasure.
 70053 | Depths:3 | Reached skill level 15 in Conjurations
 70106 | Depths:3 | Identified Sihill's Annotations on the Putrid Anticline
 70195 | Depths:3 | Killed a juggernaut
 70419 | Depths:3 | Found a one-way gateway to a ziggurat.
 70778 | Depths:4 | Entered Level 4 of the Depths
 71453 | Depths:4 | Found a gate to the Realm of Zot.
 72301 | Depths:4 | Identified the +8 quarterstaff "Laweonie" {elec, rPois rF+}
 73107 | Hell     | Entered the Vestibule of Hell
 73107 | Hell     | Noticed Geryon
 73175 | Hell     | Killed Geryon
 73534 | Hell     | Found a gateway to the Iron City of Dis.
 73845 | Hell     | Found a gateway to the ashen valley of Gehenna.
 73949 | Hell     | Found a gateway to the decaying netherworld of Tartarus.
 73985 | Hell     | Found a gateway to the freezing wastes of Cocytus.
 74057 | Coc:1    | Entered Level 1 of Cocytus
 75425 | Coc:4    | Paralysed by a wendigo for 1 turns
 76317 | Coc:6    | Reached skill level 22 in Spellcasting
 76844 | Coc:7    | Entered Level 7 of Cocytus
 76950 | Coc:7    | Reached skill level 23 in Spellcasting
 76980 | Coc:7    | HP: 8/200 [Ice Fiend (26)]
 76986 | Coc:7    | Slain by a nargun

Illustrated notes

Levels and vault maps discovered:
D:1:      minmay_arrival_nine_rooms, layout_loops_ring, serial_shops, shop,
          hangedman_decor_clover_reticule
D:2:      layout_loops_cross, uniq_sigmund
D:3:      layout_basic, hellmonk_ecumenical_altar_inner_sanctum, st_stairs_6,
          hex_large, minivault_14, kennysheep_generic_room_7
D:4:      layout_basic
D:5:      layout_basic, mainiacjoe_overflow_two_lobes, gammafunk_ghost_arena
D:6:      layout_basic, minmay_temple_entry_offerings, portal_sewer_entry_e,
          uniq_prince_ribbit1
D:7:      layout_basic, uniq_duvessa
D:8:      layout_basic, chequers_serial_rivers_small_3, uniq_maggie,
          uniq_maurice, uniq_joseph, uniq_grum
D:9:      layout_basic, kennysheep_orc_monster_closet_entryway, serial_undead,
          serial_undead_e, serial_undead_c, serial_undead_b, serial_undead_d,
          uniq_erolcha
D:10:     layout_loops_cross, grunt_lair_entry_orc_guard_hut,
          chequers_serial_rivers_small_b, billiards_dpeg
D:11:     layout_roguey, serial_shops, bzr_entry_dummy, portal_ice_cave_rime,
          uniq_fannar
D:12:     layout_loops_corners, eat_drink_and_be_merry_uskayaw
D:13:     layout_cave_pools, erik_vaults_1, kennysheep_okawaru_gauntlet
D:14:     layout_loops_ring, trog_three_pillars_becter, uniq_nessos, uniq_lodul,
          uniq_azrael
D:15:     grunt_enter_depths_magical_seal, layout_rooms, gammafunk_ghost_crypt,
          serial_park_fountain, led_xom_imps
Lair:1:   layout_misc_corridors
Lair:2:   layout_big_grid, guppyfry_snake_entry_garden
Lair:3:   layout_regular_city, swamp_mist_pool, gauntlet_entry_generic,
          ebering_ghost_rock_garden, grunt_megastairs_1
Lair:4:   layout_misc_corridors, slime_entry_2, hangedman_lair_generics_rect
Lair:5:   due_jungle_book, layout_cellular_growth, st_stairs_13
Swamp:1:  layout_basic_swamp, evilmike_swamp_ruin_rubble_1
Swamp:2:  layout_falls_marsh, serial_swamp_ruin, evilmike_swamp_ruin_house_4,
          hangedman_swamp_ruin_wall
Swamp:3:  layout_falls_marsh, lemuel_altar_in_water
Swamp:4:  byrel_swamp_growth_death_and_undeath, layout_basic_swamp, swamp_pool1,
          nicolae_swamp_feature_on_the_river_bank, infiniplex_staircase_pool_2,
          uniq_nikola
Snake:1:  layout_basic, minmay_shoptagon, uniq_mlioglotl, uniq_roxanne,
          uniq_asterion, uniq_aizul
Snake:2:  layout_grid_shapes, serial_shops, shop, nicolae_snake_flat_spine,
          grunt_ministairs_3
Snake:3:  minmay_snake_river, layout_chambers, nicolae_snake_springs
Snake:4:  snake_pit_salamanders_mu, layout_rooms,
          nicolae_snake_slithery_hallway, nicolae_snake_lava_pool, uniq_vashnia,
          uniq_bai_suzhen
Slime:1:  layout_caves
Slime:2:  layout_caves
Slime:3:  layout_caves, nicolae_slime_barrier,
          cheibrodos_slime_lost_civilization_4
Slime:4:  layout_caves
Slime:5
Orc:1:    layout_caves, special_room [special_room_orc], uniq_josephine,
          uniq_nergalle
Orc:2:    st_orc_mages, layout_caves, serial_shops, nicolae_shop_tiny_glass,
          hangedman_minor_magic
Elf:1:    elf_arrival_002, layout_gridlike, basic_altar,
          portal_desolation_entry_nicolae_slug, minivault_28,
          nicolae_shop_firing_range
Elf:2:    nicolae_elf_blades_crystal_corner, layout_rooms
Elf:3:    minmay_elf_hall_dome, layout_onion_city
Vaults:1: v_rooms_6, nicolae_vaults_double_plus_2, v_misc_19, vaults_room_fours,
          dpeg_vaults_waves, v_misc_33, v_misc_11,
          vaults_mumra_minichess_inversion, nicolae_vaults_prndl,
          layout_vaults_big_cross, serial_shops, bzr_entry_islet, uniq_donald
Vaults:2: hangedman_vaults_nodes, nicolae_vaults_network_star,
          vaults_room_large_hall, nicolae_vaults_border_crossing,
          nicolae_vaults_statue_guard, nicolae_vaults_surprise_closet,
          ontoclasm_vaults_chip, nicolae_vaults_cochlea,
          nicolae_vaults_door_testing_chamber, layout_vaults_omnigrid,
          uniq_margery
Vaults:3: v_misc_23, minmay_crypt_entry_simple_corners,
          vaults_mumra_chevron_long, nicolae_vaults_network_quincunx
          [nicolae_vaults_network_quincunx_subvault,
          nicolae_vaults_network_quincunx_subvault,
          nicolae_vaults_network_quincunx_subvault,
          nicolae_vaults_network_quincunx_subvault,
          nicolae_vaults_network_quincunx_subvault],
          nicolae_vaults_little_squares_4, nicolae_vaults_double_plus_2,
          st_smaller_cells, v_alt_pattern_5, v_alt_pattern_6, v_rooms_3,
          v_pattern_4, nicolae_vaults_asterisk, vaults_room_semicircle,
          nicolae_vaults_closet_pinwheel_2, nicolae_vaults_prndl,
          nicolae_vaults_trapezoid_layered, layout_vaults_omnibox, serial_shops,
          shop
Vaults:4: nicolae_vaults_tetromino_Z_1, vaults_room_pool,
          nicolae_vaults_layer_cake_slice, vaults_dpeg_doors,
          nicolae_vaults_tangram_1, ontoclasm_vaults_ligature, v_alt_pattern_1,
          ontoclasm_vaults_claustrophobia, nicolae_vaults_prndl,
          nicolae_vaults_storage_closets_2, nicolae_vaults_asterisk,
          nicolae_vaults_diamond_2, hangedman_vaults_stretched_pinwheel,
          special_room_vaults [special_room_orc], layout_vaults_ring,
          serial_shops, nicolae_shop_stone, uniq_mara
Vaults:5: serial_shops
Crypt:1:  layout_basic, grunt_crypt_arrival_guarded_gate
Crypt:2:  cheibrodos_crypt_down_in_the_bonehoard, layout_chaotic_city,
          infiniplex_enter_wizlab_water, small_statue_intersection,
          wad_floor_pattern_1, uniq_vv, uniq_grunn
Crypt:3:  david_glass_crypt, layout_gridlike, tomb_entry_pyramid_bobbens,
          grunt_megastairs_2
Tomb:1
Tomb:2
Tomb:3:   uniq_boris
Depths:1: layout_cave_pools, nzn_ghost_randoct, hellmouth_1,
          chequers_serial_rivers_large_a, minmay_stone_trees_medium,
          lemuel_nasty_fountain
Depths:2: minmay_the_grid_triangle_9x9_rhombus_thin_mashed
          [minmay_the_grid_triangle_9x9_descending_squares,
          minmay_the_grid_triangle_9x9_prize_schism,
          minmay_the_grid_triangle_9x9_intruding_spiral,
          minmay_the_grid_triangle_9x9_from_above], layout_cave_shapes,
          grunt_metal_band, pan_entry, abyss_entry,
          chequers_serial_rivers_large_b, lightli_corner_chamber,
          infiniplex_staircase_squiggle, uniq_sojobo, uniq_enchantress
Depths:3: minmay_central_circle, layout_gridlike, enter_ziggurat_a,
          grunt_hell_entry_dis_mu, enter_trove_3, cheibriados_altar_1,
          abyss_entry, infiniplex_staircase_river, uniq_xtahua
Depths:4: lemuel_castle_with_subvaults [lemuel_castle_interior_carwin_3],
          layout_gridlike, pan_entry, serial_sigils,
          serial_sigils_hangedman_scratch, serial_sigils_hangedman_stare,
          serial_sigils_hangedman_gnaw, serial_sigils_hangedman_carve,
          serial_sigils_hangedman_shear, hell_entry
Hell
Coc:1:    layout_ice_bergs
Coc:2:    layout_cocytus_water_paths
Coc:3:    layout_ice_bergs
Coc:4:    layout_ice_bergs
Coc:5:    layout_ice_bergs
Coc:6:    layout_cocytus_delve
Coc:7:    coc_dpeg

Skill      XL: |  1  2  3  4  5  6  7  8  9 10 11 12 13 14 15 16 17 18 19 20 21 22 23 24 25 26 27 |
---------------+----------------------------------------------------------------------------------+-----
Conjurations   | 3 4 5 6 8 12 18 | 18.9
Spellcasting   | 3 4 5 8 11 12 13 15 17 19 21 23 | 23.3
Fighting       | 3 4 5 7 10 13 15 | 15.3
Fire Magic     | 1 3 5 8 10 11 15 17 18 | 18.9
Stealth        | 4 6 8 9 12 13 | 13.2
Short Blades   | 2 4 6 9 |  9.7
Poison Magic   | 2 7 |  7.5
Air Magic      | 2 3 8 9 |  9.0
Transmutations | 3 7 10 13 18 20 | 20.3
Dodging        | 9 11 13 | 13.3
Shields        | 2 7 |  7.1
Earth Magic    | 3 5 6 8 10 14 16 18 | 18.9
Evocations     | 6 |  6.2
Ice Magic      | 1 2 4 |  4.2
Necromancy     | 4 6 11 13 16 | 16.7

Action                     |  1- 3 |  4- 6 |  7- 9 | 10-12 | 13-15 | 16-18 | 19-21 | 22-24 | 25-27 || total
---------------------------+-------+-------+-------+-------+-------+-------+-------+-------+-------++-------
  Melee: Dagger            |     1 |    19 |    79 |    67 |    96 |    77 |    81 |       |       ||   420
         Rapier            |       |       |       |       |       |       |    27 |   208 |   448 ||   683
  Throw: Dart              |       |       |    10 |       |       |     1 |     1 |       |       ||    12
         Boomerang         |       |       |     2 |     2 |     3 |       |     1 |     1 |     2 ||    11
         Throwing net      |       |       |       |       |       |     1 |       |       |       ||     1
   Cast: Magic Dart        |    71 |    64 |   159 |    48 |       |       |       |       |       ||   342
         Sticky Flame      |       |     1 |     6 |    22 |    14 |       |       |       |       ||    43
         Searing Ray       |       |       |     8 |     7 |     5 |       |       |       |       ||    20
         Poisonous Vapours |       |       |    58 |    77 |   135 |   142 |    58 |    78 |    11 ||   559
         Ignite Poison     |       |       |    26 |    57 |   148 |   134 |    52 |    76 |    10 ||   503
         Olgreb's Toxic Ra |       |       |       |    16 |    32 |     5 |    11 |    10 |       ||    74
         Fireball          |       |       |       |    18 |   145 |   131 |   277 |    52 |    91 ||   714
         Stone Arrow       |       |       |       |       |    73 |   117 |   262 |    36 |    53 ||   541
         Ignition          |       |       |       |       |     5 |    38 |   114 |    72 |    43 ||   272
         Borgnjor's Vile C |       |       |       |       |     3 |    54 |    29 |     7 |    27 ||   120
         Lee's Rapid Decon |       |       |       |       |       |    22 |    26 |    11 |     4 ||    63
         Freezing Cloud    |       |       |       |       |       |     2 |     5 |       |       ||     7
         Sublimation of Bl |       |       |       |       |       |       |    22 |       |       ||    22
         Statue Form       |       |       |       |       |       |       |     5 |     6 |    12 ||    23
         Shatter           |       |       |       |       |       |       |       |    37 |   249 ||   286
         Necromutation     |       |       |       |       |       |       |       |       |    26 ||    26
         Fire Storm        |       |       |       |       |       |       |       |       |    95 ||    95
         Lehudib's Crystal |       |       |       |       |       |       |       |       |   183 ||   183
         Death Channel     |       |       |       |       |       |       |       |       |     3 ||     3
 Invoke: Curse Item        |       |     1 |     4 |     1 |     3 |     2 |     3 |     1 |       ||    15
         Shatter the Chain |       |       |       |       |     3 |     2 |     2 |       |       ||     7
Ability: End Transformatio |       |       |       |       |       |       |     1 |     3 |     5 ||     9
  Evoke: Wand              |       |       |       |     7 |     4 |     2 |       |       |     2 ||    15
    Use: Potion            |     2 |       |       |     4 |       |     1 |     5 |     1 |    10 ||    23
         Scroll            |       |    10 |       |       |     1 |     6 |     1 |       |     9 ||    27
   Stab: Sleeping          |       |     2 |     9 |     6 |    23 |    25 |    33 |    34 |     2 ||   134
         Distracted        |       |       |       |       |       |       |       |     1 |     2 ||     3
 Armour: Robe              |     2 |       |     3 |     1 |     1 |       |       |       |       ||     7
         Animal skin       |       |       |       |       |     6 |    14 |     9 |    12 |    44 ||    85
         Skin              |       |       |       |       |       |       |    33 |    33 |    69 ||   135
  Dodge: Dodged            |     7 |    14 |    76 |   100 |   159 |    86 |   220 |   226 |   525 ||  1413
  Block: Buckler           |       |       |       |     1 |    31 |    27 |   118 |   108 |   240 ||   525
